 Dungeon Crawl Stone Soup version 0.18.1-50-g88ac8fd (webtiles) character file.

123 Aramant the Cutter (level 5, 0/34 HPs)
             Began as a Kobold Berserker on Sept 26, 2016.
             Was a Believer of Trog.
             Slain by a scorpion (6 damage)
             ... on level 3 of the Dungeon.
             The game lasted 00:23:28 (2886 turns).

Aramant the Cutter (Kobold Berserker)               Turns: 2886, Time: 00:23:29

Health: 0/34       AC:  6    Str: 16    XL:     5   Next: 29%
Magic:  5/5        EV: 17    Int:  5    God:    Trog [**....]
Gold:   194        SH:  0    Dex: 16    Spells: 0 memorised, 4 levels left

rFire  . . .     SeeInvis .     a - +0 short sword
rCold  . . .     Gourm    .     b - +1 animal skin
rNeg   + . .     Faith    .     (shield restricted)
rPois  .         Spirit   .     (no helmet)
rElec  .         Dismiss  .     i - +2 cloak
rCorr  .         Reflect  .     (no gloves)
SustAt .         Harm     .     (no boots)
MR     .....                    (no amulet)
Stlth  ++........               j - ring of wizardry
                                f - ring of positive energy

@: lethally poisoned (0 -> -7), about to teleport, not resistant to hostile
enchantments, unstealthy
A: carnivore 3
a: Berserk, Trog's Hand, Burn Spellbooks, Renounce Religion


You were on level 3 of the Dungeon.
You worshipped Trog.
Trog was pleased with you.
You were not hungry.

You visited 1 branch of the dungeon, and saw 4 of its levels.

You collected 194 gold pieces.

Inventory:

Hand Weapons
 a - a +0 short sword (weapon)
Armour
 b - a +1 animal skin (worn)
 i - a +2 cloak (worn)
Magical Staves
 c - an uncursed staff of earth (quivered) {unknown}
Jewellery
 f - a ring of positive energy (left hand)
 j - a ring of wizardry (right hand)
 m - an uncursed ring of protection from magic {unknown}
Scrolls
 g - 2 scrolls of identify
Potions
 d - a potion of heal wounds {unknown}
Comestibles
 k - 3 meat rations
 n - a slice of pizza


   Skills:
 + Level 4.4 Fighting
 + Level 4.9 Short Blades
 + Level 1.6 Armour
 + Level 4.1 Dodging
 + Level 1.7 Stealth


You had 4 spell levels left.
You didn't know any spells.

Dungeon Overview and Level Annotations

Branches:
Dungeon (4/15)
 Temple: D:4-7

Altars:
Fedhas
Nemelex Xobeh
Xom


Innate Abilities, Weirdness & Mutations

You are small and have problems with some larger weapons.
You are carnivorous and can eat meat at any time.


Message History

You hit the scorpion but do no damage.
The scorpion is lightly wounded.
The hound closely misses you. The scorpion stings you!
The ooze barely misses you. The hound misses you. The hound closely misses you.
The scorpion misses you. The ooze barely misses you.
You climb upwards.
There is a stone staircase leading down here.
Drink which item? (? for menu, Esc to quit)
You feel better. The hound bites you but does no damage.
The scorpion stings you.
You are poisoned.
The scorpion poisons you! The ooze closely misses you.
The hound barely misses you.
Read which item? (? for menu, Esc to quit)
As you read the scroll of teleportation, it crumbles to dust.
You feel strangely unstable.
You feel sick. The hound bites you.
* * * LOW HITPOINT WARNING * * *
The scorpion stings you.
You die...

#..##.#..........###.####.#.#
#..##.#......)..............#
#..##.#.........###.#####.#.#
#.....#.........'.......#.###
#.######...รท....###.###.#.#
#.#### #..................#
#....# #.........##.###.###
###.#.# #.....s...##.# #.#
#.._..# #.....J@h.##.# #.#
#.#.### #.).......##.# #.#
##...# #.........##.# #.#
..#.## #.........##.# #.#
#(#.######.........##.###.####
#.#.................#......).#
#.############################
..# ###


You could see a scorpion, a hound and an ooze.

Vanquished Creatures
  2 worker ants (D:3)
  3 adders
  2 oozes (D:3)
  A worm (D:2)
  3 dart slugs
  2 orcs (D:3)
  3 bats (D:3)
  7 goblins
  4 hobgoblins
  A quokka (D:3)
  4 giant newts
  3 kobolds
  A rat (D:1)
36 creatures vanquished.

Notes
Turn   | Place    | Note
--------------------------------------------------------------
     0 | D:1      | Aramant the Kobold Berserker began the quest for the Orb.
     0 | D:1      | Reached XP level 1. HP: 14/14 MP: 1/1
    56 | D:1      | Found a shimmering altar of Xom.
    94 | D:1      | Reached XP level 2. HP: 4/19 MP: 2/2
   946 | D:2      | Reached XP level 3. HP: 24/24 MP: 3/3
  1514 | D:2      | Reached ** piety under Trog
  1973 | D:3      | Reached skill level 1 in Stealth
  1973 | D:3      | Reached XP level 4. HP: 25/29 MP: 4/4
  1982 | D:3      | Found a sparkling altar of Nemelex Xobeh.
  2506 | D:3      | Reached XP level 5. HP: 25/34 MP: 5/5
  2521 | D:3      | Noticed an ogre
  2657 | D:3      | Found a shimmering altar of Xom.
  2871 | D:4      | Found a blossoming altar of Fedhas.
  2886 | D:3      | Slain by a scorpion

Skill      XL: |  1  2  3  4  5 |
---------------+----------------+-----
Dodging        | 3 4 |  4.1
Fighting       | 4 |  4.4
Stealth        | 1 |  1.7
Short Blades   | |  4.9
Armour         | |  1.6

Action                   |  1- 3 |  4- 6 || total
-------------------------+-------+-------++-------
Melee: Short sword       |    87 |    82 ||   169
Invok: Berserk           |     1 |       ||     1
  Use: Scroll            |    11 |     1 ||    12
       Potion            |     1 |     3 ||     4
 Stab: Sleeping          |     2 |     2 ||     4
  Eat: Meat ration       |     1 |       ||     1
       Chunk             |     1 |       ||     1
Armor: Animal skin       |    10 |    14 ||    24
Dodge: Dodged            |    51 |    82 ||   133
